 Dungeon Crawl Stone Soup version 0.21.0-3-g78d12a8 (webtiles) character file.

91 Mourdos the Ducker (level 4, -1/23 HPs)
             Began as a Spriggan Warper on Jan 9, 2018.
             Slain by Robin
             ... wielding a +0 spear
              (3 damage)
             ... on level 2 of the Dungeon.
             The game lasted 00:16:27 (2967 turns).

Mourdos the Ducker (Spriggan Warper)                Turns: 2967, Time: 00:16:28

Health: -1/23      AC:  2    Str:  7    XL:     4   Next: 34%
Magic:  7/9        EV: 20    Int: 14    God:
Gold:   28         SH:  0    Dex: 16    Spells: 4/9 levels left

rFire    x . .     SeeInvis +   n - +0 dagger
rCold    + . .     Gourm    .   (shield restricted)
rNeg     . . .     Faith    .   b - +0 robe
rPois    .         Spirit   .   (helmet restricted)
rElec    .         Reflect  .   (no cloak)
rCorr    .         Harm     .   (gloves unavailable)
MR       .....                  (boots unavailable)
Stlth    ++........             (no amulet)
HPRegen  0.07/turn              g - ring of ice
MPRegen  0.11/turn              (no ring)

@: very quick
A: very small, unfitting armour, see invisible, herbivore, speed 3, slow
metabolism 2
a: no special abilities


You were on level 2 of the Dungeon.
You were hungry.

You visited 1 branch of the dungeon, and saw 2 of its levels.

You collected 28 gold pieces.

Inventory:

Hand Weapons
 a - a +0 short sword
 e - a -1 whip
 n - a +0 dagger (weapon)
 o - a +0 hunting sling of freezing
Missiles
 p - 33 stones (quivered)
Armour
 b - a +0 robe (worn)
 k - a +0 ring mail
Jewellery
 g - a ring of ice (left hand)
Scrolls
 d - a scroll of blinking
 i - a scroll of remove curse
Potions
 h - a potion of curing
 j - a potion of resistance {unknown}
 l - a potion of degeneration {unknown}
Books
 c - a book of Spatial Translocations

   Spells                             Type                      Level
   a - Blink                          Translocation                2
   b - Shroud of Golubria             Charms/Translocation         2
   c - Lesser Beckoning               Translocation                3
   d - Gell's Gravitas                Translocation                3
   e - Teleport Other                 Translocation                3
   f - Passage of Golubria            Translocation                4
Comestibles
 f - 2 rations


   Skills:
 + Level 1.8 Fighting
 + Level 3.5 Short Blades
 + Level 0.3 Maces & Flails
 + Level 1.0 Throwing
 + Level 5.0 Dodging
 + Level 1.0 Stealth
 + Level 3.1 Spellcasting
 + Level 4.4 Translocations


You had 4 spell levels left.
You knew the following spells:

 Your Spells              Type           Power        Failure   Level  Hunger
a - Blink                 Tloc           N/A          5%          2    ##.....
b - Gell's Gravitas       Tloc           ##........   11%         3    ###....


Dungeon Overview and Level Annotations

Branches:
Dungeon (2/15)

Altars:

Annotations:
D:2 Robin


Innate Abilities, Weirdness & Mutations

You are very small and have problems with some larger weapons.
You are too small for most types of armour.
You have supernaturally acute eyesight. (SInv)
You are a herbivore.
You cover ground extremely quickly.
You need consume almost no food.


Message History

Things that are here:
5 large rocks; a club You barely miss Robin.
Robin is moderately wounded.
The hobgoblin hits you with a club!
You hit Robin but do no damage.
Your attack snaps Robin out of her fear.
Robin is moderately wounded.
Robin hits you with a spear.
You hit Robin but do no damage.
Robin is moderately wounded.
Robin's bangles clink loudly.
Robin misses you. The hobgoblin barely misses you.
You barely miss the hobgoblin. Robin completely misses you.
You hit the hobgoblin but do no damage. The hobgoblin hits you with a club!
* * * LOW HITPOINT WARNING * * *
You completely miss the hobgoblin. Robin barely misses you.
The hobgoblin completely misses you.
You closely miss the hobgoblin. Robin hits you with a spear.
You die...

##.##### ##.#....##
#########.##.....######
#).gg>...##............
#.#######..........####
#.# ##.............
#####g# #.........####
g.g...# ##.g.....####
####### ##@........# #
##g...####.# # #.(..##
# # #.)### # #..# #
#).# #..# #.<# #..#


You could see Robin and a hobgoblin.

Vanquished Creatures
  A worker ant (D:2)
  A gnoll (D:1)
  An adder (D:2)
  A worm (D:1)
  3 dart slugs (D:1)
  A leopard gecko (D:2)
  A giant cockroach (D:1)
  9 goblins
  5 hobgoblins
  3 jackals (D:1)
  3 kobolds (D:1)
  8 bats (D:1)
  A frilled lizard (D:1)
  2 rats (D:1)
40 creatures vanquished.

Notes
Turn   | Place    | Note
-------+----------+-------------------------------------------
     0 | D:1      | Mourdos the Spriggan Warper began the quest for the Orb.
     0 | D:1      | Reached XP level 1. HP: 10/10 MP: 5/5
   265 | D:1      | Reached XP level 2. HP: 10/14 MP: 7/7
   298 | D:1      | Reached skill level 4 in Dodging
  1022 | D:1      | Reached XP level 3. HP: 12/18 MP: 8/8
  1880 | D:1      | Learned a level 2 spell: Blink
  1884 | D:1      | Learned a level 3 spell: Gell's Gravitas
  2303 | D:2      | Reached XP level 4. HP: 23/23 MP: 9/9
  2309 | D:2      | Noticed Robin
  2345 | D:2      | Reached skill level 1 in Stealth
  2395 | D:2      | Reached skill level 5 in Dodging
  2967 | D:2      | Slain by Robin

Skill      XL: |  1  2  3  4 |
---------------+-------------+-----
Spellcasting   | 3 |  3.1
Dodging        | 4 5 |  5.0
Short Blades   | 3 |  3.5
Stealth        | 1 |  1.0
Fighting       | |  1.8
Maces & Flails | |  0.3
Throwing       | |  1.0
Translocations | |  4.4

Action                   |  1- 3 |  4- 6 || total
-------------------------+-------+-------++-------
Melee: Short sword       |   164 |       ||   164
       Whip              |    25 |       ||    25
       Dagger            |    19 |    38 ||    57
Throw: Tomahawk          |     5 |       ||     5
       Stone             |     2 |     1 ||     3
 Cast: Gell's Gravitas   |       |     4 ||     4
  Use: Scroll            |     2 |     1 ||     3
 Stab: Sleeping          |     2 |       ||     2
Armor: Robe              |    22 |       ||    22
Dodge: Dodged            |   197 |    27 ||   224
